 Dungeon Crawl Stone Soup version 0.20-a0-1109-ge3cd172 (webtiles) character file.

9466 seren the Cleaver (level 11, 0/100 HPs)
             Began as a Hill Orc Fighter on May 5, 2017.
             Was a Priest of the Shining One.
             Killed by divine providence
             ... invoked by a meliai
              (11 damage)
             ... on level 11 of the Dungeon.
             The game lasted 00:58:53 (14409 turns).

seren the Cleaver (Hill Orc Fighter)               Turns: 14409, Time: 00:58:54

Health: 0/100      AC: 17    Str: 20    XL:     11   Next: 46%
Magic:  0/11       EV:  8    Int:  9    God:    the Shining One [***...]
Gold:   910        SH: 11    Dex: 12    Spells: 10/10 levels left

rFire    . . .     SeeInvis .   a - +0 war axe
rCold    . . .     Gourm    .   c - +0 shield
rNeg     + . .     Faith    .   s - +1 scale mail
rPois    +         Spirit   +   x - +0 hat
rElec    .         Reflect  .   K - +1 cloak
rCorr    .         Harm     .   g - +1 pair of gloves
MR       .....                  (no boots)
Stlth    ..........             n - amulet of guardian spirit
Regen    0.3/turn               h - ring of poison resistance
MPRegen  0.2/turn               H - +3 ring of protection

@: glowing
A: no striking features
a: Divine Shield, Renounce Religion


You were on level 11 of the Dungeon.
You worshipped the Shining One.
The Shining One was most pleased with you.
You were not hungry.

You visited 2 branches of the dungeon, and saw 12 of its levels.
You also visited: Ossuary.

You collected 910 gold pieces.

Inventory:

Hand Weapons
 a - a +0 war axe (weapon)
 b - a +0 hunting sling
 S - a +0 battleaxe
 Y - a +2 whip of holy wrath
Missiles
 t - 202 stones (quivered)
 U - 62 sling bullets
Armour
 c - a +0 shield (worn)
 g - a +1 pair of gloves (worn)
 s - a +1 scale mail (worn)
 x - a +0 hat (worn)
 K - a +1 cloak (worn)
Jewellery
 h - a ring of poison resistance (left hand)
 m - an uncursed ring of protection from cold
 n - an amulet of guardian spirit (around neck)
 u - an uncursed amulet of faith
 G - an uncursed ring of see invisible
 H - a +3 ring of protection (right hand)
 R - an uncursed ring of protection from magic
Wands
 A - a wand of confusion (13/48)
 P - a wand of flame (21/48)
 Z - a wand of enslavement (13/24)
Scrolls
 k - 3 scrolls of immolation {unknown}
 q - 3 scrolls of blinking {unknown}
 r - 4 scrolls of amnesia {unknown}
 z - 8 scrolls of remove curse
 B - a scroll of magic mapping {unknown}
 I - 3 scrolls of recharging
 N - a scroll of enchant weapon {unknown}
 T - a scroll of enchant armour
 V - 2 scrolls of fog {unknown}
Potions
 i - 3 potions of flight
 l - 3 potions of haste
 o - a potion of lignification {unknown}
 p - 2 potions of ambrosia
 v - a potion of curing
 C - 5 potions of brilliance
 D - 2 potions of magic
 F - 4 potions of mutation {!q}
 M - a potion of berserk rage {unknown}
 Q - a potion of resistance {unknown}
Miscellaneous
 X - a phantom mirror
Comestibles
 f - 7 bread rations
 j - 4 royal jellies
 w - 25 fruits
 J - 4 meat rations


   Skills:
 - Level 10.2 Fighting
 * Level 14.5 Axes
 - Level 10.1 Armour
 + Level 7.7 Shields


You had 10 spell levels left.
You didn't know any spells.

Dungeon Overview and Level Annotations

Branches:
Dungeon (11/15)            Temple (1/1) D:5             Orc (0/2) D:10
   Lair: D:8-11

Altars:
Ashenzari
Cheibriados
Dithmenos
Elyvilon
Fedhas
Gozag
Hepliaklqana
Kikubaaqudgha
Makhleb
Nemelex Xobeh
Okawaru
Qazlal
Ru
Sif Muna
Trog
Uskayaw
Vehumet
Wu Jian
Xom
Yredelemnul
Zin
The Shining One

Shops:
D:10 !   D:11 (

Annotations:
D:11 double head ogre


Message History

You block the meliai's attack.
The meliai stings you but does no damage.
You block the meliai's attack.
The meliai stings you but does no damage.
You block the meliai's attack. The meliai stings you.
The meliai hits you with a hand axe!
* * * LOW HITPOINT WARNING * * *
The meliai barely misses you. You block the meliai's attack.
The meliai stings you but does no damage.
The meliai mumbles some strange prayers to its god against you.
Something smites you!
* * * LOW HITPOINT WARNING * * *
You block the meliai's attack. x2
The meliai hits you with a hand axe!
* * * LOW HITPOINT WARNING * * *
You block the meliai's attack.
The meliai invokes the aid of its god against you.
Something smites you!
You die...

############
#############..........#
......#................#
......'.#####...<......#
......### #..........#
......# #...@y.....#
......# #....y.....#
###'### #..........#
#..#### #######.####
##....# #.# #######.##
#.# <........# #.#
.........# #.##
.........# #..#


You could see 2 meliai.

Vanquished Creatures
  Nergalle (D:10)
  3 ugly things
  Joseph (D:9)
  A meliai (D:11)
  A hornet (D:10)
  Prince Ribbit (D:9)
  3 hippogriffs
  Grinder (D:2)
  A wyvern (D:11)
  Eustachio (D:5)
  Grum (D:9)
  A hungry ghost (D:11)
  Duvessa (D:5)
  3 black bears
  5 ice beasts
  4 orc warriors
  A sky beast (D:10)
  2 necrophages
  2 phantoms
  The ghost of bear the Shooter, an amateur GnWn (D:3)
  5 ogres
  5 centaurs
  2 wolves (D:9)
  5 big kobolds
  A wyvern zombie (D:9)
  4 bullfrogs
  3 scorpions
  Dowan (D:5)
  A water moccasin skeleton (D:7)
  3 wights (D:9)
  A vampire bat (D:3)
  4 howler monkeys
  3 crimson imps
  4 bullfrog zombies
  A centaur zombie (D:9)
  7 hounds
  A jelly (D:9)
  4 orc priests
  A centaur skeleton (D:10)
  3 iguanas
  Ijyb (D:5)
  9 orc wizards
  4 worker ants
  A killer bee zombie (D:6)
  A hound skeleton (D:4)
  8 mummies (Ossuary)
  A worker ant zombie (D:7)
  3 gnolls (D:5)
  22 adders
  2 oozes
  An adder skeleton (D:8)
  2 worms
  10 dart slugs
  8 leopard geckos
  35 orcs
  5 giant cockroaches
  4 goblins
  10 hobgoblins
  10 jackals
  2 quokkas
  7 ball pythons
  A ball python skeleton (D:4)
  13 bats
  8 frilled lizards
  A gnoll zombie (Ossuary)
  A hobgoblin zombie (Ossuary)
  A jackal skeleton (D:4)
  31 kobolds
  3 kobold zombies (Ossuary)
  3 orc zombies (Ossuary)
  4 rats
306 creatures vanquished.

Notes
Turn   | Place    | Note
-------+----------+-------------------------------------------
     0 | D:1      | seren the Hill Orc Fighter began the quest for the Orb.
     0 | D:1      | Reached XP level 1. HP: 19/19 MP: 1/1
    56 | D:1      | Reached skill level 3 in Axes
   324 | D:1      | Reached XP level 2. HP: 24/26 MP: 2/2
   666 | D:2      | Reached skill level 4 in Axes
   686 | D:2      | Reached XP level 3. HP: 19/31 MP: 3/3
   937 | D:2      | Reached skill level 5 in Axes
  1084 | D:2      | Reached XP level 4. HP: 36/39 MP: 4/4
  1503 | D:2      | Found a basalt altar of Yredelemnul.
  1527 | D:2      | Found a sparkling altar of Nemelex Xobeh.
  1532 | D:2      | Reached skill level 6 in Axes
  1781 | D:3      | Noticed Grinder
  2009 | D:3      | Noticed bear's ghost (amateur GnWn)
  2255 | D:3      | Reached XP level 5. HP: 44/45 MP: 5/5
  2507 | D:3      | Killed bear's ghost
  2507 | D:3      | Reached skill level 7 in Axes
  2960 | D:2      | Killed Grinder
  2960 | D:2      | Reached skill level 9 in Axes
  2960 | D:2      | Reached XP level 6. HP: 37/51 MP: 6/6
  3268 | D:3      | Found a hazy altar of Hepliaklqana.
  3312 | D:3      | Reached XP level 7. HP: 45/57 MP: 7/7
  3623 | D:3      | Reached skill level 10 in Axes
  4488 | D:3      | Reached skill level 5 in Fighting
  4730 | D:4      | Reached XP level 8. HP: 69/69 MP: 8/8
  5233 | D:5      | Entered Level 5 of the Dungeon
  5332 | D:5      | Noticed Eustachio
  5357 | D:5      | Killed Eustachio
  5467 | D:5      | Noticed Dowan
  5646 | D:5      | Found a sacrificial altar of Ru.
  5656 | D:5      | Found a burning altar of Makhleb.
  5657 | D:5      | Found a shimmering altar of Xom.
  5717 | D:5      | Noticed Duvessa
  5842 | D:5      | Found a staircase to the Ecumenical Temple.
  5842 | D:5      | Noticed Ijyb
  5856 | D:5      | Killed Ijyb
  5856 | D:5      | Reached skill level 5 in Armour
  5872 | Temple   | Entered the Ecumenical Temple
  5967 | D:5      | Found a sand-covered staircase.
  5974 | Ossuary  | Entered an ossuary
  6019 | Ossuary  | Reached skill level 5 in Shields
  6605 | D:5      | Reached XP level 9. HP: 79/79 MP: 9/9
  6668 | D:5      | Killed Dowan
  6864 | D:6      | Found a glowing silver altar of Zin.
  6864 | D:6      | Found a deep blue altar of Sif Muna.
  7054 | D:6      | Found a glowing golden altar of the Shining One.
  7057 | D:6      | Became a worshipper of the Shining One
  7765 | D:7      | Found a bloodstained altar of Trog.
  8009 | D:7      | Reached * piety under the Shining One
  8174 | D:7      | Found an iron altar of Okawaru.
  8339 | D:8      | Found an opulent altar of Gozag.
  8719 | D:8      | Reached XP level 10. HP: 82/91 MP: 8/10
  9632 | D:9      | Found an ornate altar of the Wu Jian Council.
  9919 | D:9      | Noticed Joseph
  9946 | D:9      | Killed Joseph
  9946 | D:9      | Reached skill level 10 in Fighting
  9946 | D:9      | Reached skill level 10 in Armour
 10081 | D:9      | Noticed Prince Ribbit
 10081 | D:9      | Reached ** piety under the Shining One
 10089 | D:9      | Reached skill level 11 in Axes
 10102 | D:9      | Killed Prince Ribbit
 10128 | D:9      | Noticed Grum
 10326 | D:9      | Killed Grum
 10664 | D:10     | Entered Level 10 of the Dungeon
 10744 | D:10     | Noticed a white ugly thing
 10752 | D:10     | Killed a white ugly thing
 10752 | D:10     | Reached skill level 12 in Axes
 10924 | D:10     | Noticed Nergalle
 10944 | D:10     | Killed Nergalle
 10944 | D:10     | Reached XP level 11. HP: 100/100 MP: 11/11
 10978 | D:10     | Found Ciosan's Distillery.
 11131 | D:10     | Found a staircase to the Orcish Mines.
 11402 | D:10     | Found a shadowy altar of Dithmenos.
 11441 | D:10     | Reached skill level 13 in Axes
 11962 | D:11     | Noticed a two-headed ogre
 11963 | D:11     | Noticed a white ugly thing
 12000 | D:10     | Killed a white ugly thing
 12328 | D:11     | Found Imakicux's Weapon Boutique.
 12367 | D:11     | Noticed a two-headed ogre
 12680 | D:11     | Reached skill level 14 in Axes
 12964 | D:11     | Noticed a red ugly thing
 12977 | D:11     | Killed a red ugly thing
 13388 | D:5      | Killed Duvessa
 14023 | D:11     | Reached *** piety under the Shining One
 14409 | D:11     | Killed from afar by a meliai

Vault maps used:
D:1:      co_arrival_square_in_a_square_in_a_square, patterned_corridor
D:2:      nemelex_xobeh_ov_fountains_minmay, lemuel_doored_altar, first_bread
D:3:      kennysheep_slugbush, overflow_temple_1_default, roderic_batcave,
          minmay_snake_closets, uniq_grinder
D:5:      minitemple, minmay_temple_entry_grid, enter_ossuary_1, uniq_ijyb,
          uniq_duvessa, uniq_eustachio
D:6:      gammafunk_temple_overflow_elements, kennysheep_mini_moat
D:7:      trog_ov_bears_minmay, lemuel_round_altar, hangedman_glass_teeth
D:8:      nicolae_overflow_crystal_walls, blue_anna_alchemist
D:9:      lemuel_round_altar, uniq_joseph, uniq_prince_ribbit1, uniq_grum
D:10:     orc_0_dummy, serial_shops, shop, minivault_26, grunt_dithmenos_smoke,
          uniq_nergalle
D:11:     erik_lair_dragon, basic_altar, serial_shops, kennysheep_mini
Temple:   jpeg_temple_island
Ossuary:  ossuary_tomb_3

Skill      XL: |  1  2  3  4  5  6  7  8  9 10 11 |
---------------+----------------------------------+-----
Axes           | 3 4 5 6 9 10 12 14 | 14.5
Fighting       | 5 7 9 10 | 10.2
Armour         | 5 9 10 | 10.1
Shields        | 5 7 |  7.7

Action                   |  1- 3 |  4- 6 |  7- 9 | 10-12 || total
-------------------------+-------+-------+-------+-------++-------
Melee: War axe           |    78 |   142 |   456 |   427 ||  1103
 Fire: Hunting sling     |       |     9 |   132 |    12 ||   153
  Use: Potion            |       |     2 |     3 |     6 ||    11
       Scroll            |       |     5 |    11 |     5 ||    21
  Eat: Chunk             |     1 |     5 |    15 |    12 ||    33
       Royal jelly       |       |     1 |       |     1 ||     2
       Fruit             |       |       |     3 |     6 ||     9
Armor: Scale mail        |    36 |    67 |   288 |   214 ||   605
Dodge: Dodged            |    39 |    67 |   221 |   173 ||   500
Block: Shield            |     5 |    28 |       |    56 ||    89
